Map: Korhal Carnage Knockout LE

Players

Takmorn

  • Race: Zerg Zerg
  • League: Gold

capac - Winner!

  • Race: Terran Terran
  • League: Gold

VOD

Have the link to the VOD?

Description

Time

  • Played on: April 2, 2016, 6:31 a.m.
  • Length: 15:16
Show
View Real Time Build Order
Export as new Build Order

Takmorn Zerg 

Build Orders: Hatch First 

Get SALT Encoding   

  12  0:01  Drone  
  13  0:12  Overlord  
  13  0:17  Drone  
  14  0:31  Drone x2  
  16  0:39  Drone  
  17  0:56  Drone  
  18  0:57  Hatchery  
  18  1:00  Drone  
  18  1:07  Drone  
  19  1:21  Spawning Pool  
  19  1:22  Drone  
  19  1:29  Overlord  
  19  1:39  Drone  
  20  1:58  Hatchery  
  19  2:07  Queen  
  21  2:10  Zergling x6  
  21  2:15  Queen  
  24  2:18  Drone  
  27  2:27  Drone  
  27  2:28  Drone  
  29  2:33  Overlord  
  29  2:36  Overlord  
  29  2:47  Drone  
  29  2:49  Drone  
  31  2:54  Queen  
  31  2:58  Queen  
  35  3:07  Drone x2  
  35  3:08  Drone x2  
  39  3:14  Extractor  
  39  3:18  Queen  
  39  3:19  Drone  
  41  3:26  Drone  
  42  3:27  Drone x3  
  42  3:31  Drone x2  
  47  3:36  Drone  
  47  3:37  Drone x2  
  47  3:39  Drone  
  51  3:47  Drone x2  
  53  4:03  Drone  
  53  4:04  Drone x4  
  53  4:06  Overlord x4  
  58  4:17  Roach Warren  
  58  4:24  Queen  
  57  4:29  Zergling x4  
  57  4:30  Zergling x16  
  69  4:44  Drone x2  
  69  4:45  Drone x6  
  77  5:06  Roach x3  
  77  5:07  Roach x3  
  89  5:23  Extractor  
  89  5:24  Extractor  
  89  5:25  Zergling x2  
  89  5:26  Zergling x4  
  90  5:29  Metabolic Boost  
  90  5:30  Overlord x2  
  90  5:31  Overlord x3  
  90  5:34  Spore Crawler  
  89  5:38  Spore Crawler  
  89  5:41  Spore Crawler  
  87  5:43  Spore Crawler  
  87  5:44  Spore Crawler  
  87  5:48  Spore Crawler  
  84  5:51  Zergling x14  
  84  5:52  Zergling x4  
  93  5:58  Extractor  
  93  5:59  Drone x3  
  93  6:00  Drone  
  93  6:01  Drone  
  97  6:05  Lair  
  97  6:15  Drone x4  
  101  6:19  Drone x3  
  104  6:44  Roach  
  104  6:45  Roach x10  
  116  7:26  Roach  
  116  7:27  Roach x6  
  116  7:28  Overlord x4  
  116  7:29  Overlord  
  130  7:34  Glial Reconstitution  
  130  7:35  Evolution Chamber  
  129  7:45  Evolution Chamber  
  129  7:46  Drone  
  129  7:47  Drone x3, Spore Crawler  
  131  7:54  Drone x2  
  129  8:19  Spore Crawler  
  103  8:32  Roach x11  
  103  8:33  Roach x3  
  116  8:40  Ravager x2  
  116  8:41  Ravager x7  
  109  8:43  Zergling x2  
  109  8:44  Zergling x2  
  113  8:50  Hatchery  
  112  8:59  Roach x5  
  122  9:08  Drone  
  122  9:09  Drone x2  
  125  9:31  Zergling x16  
  126  9:32  Zergling x2  
  134  9:46  Roach  
  134  9:47  Roach x8  
  134  9:50  Zerg Ground Armor Level 1  
  134  9:51  Hatchery  
  134  9:52  Zerg Missile Weapons Level 1  
  151  9:58  Hydralisk Den  
  150  10:21  Ravager x3  
  134  10:49  Hydralisk x10  
  154  11:05  Muscular Augments  
  154  11:11  Drone  
  154  11:12  Drone x6  
  154  11:13  Queen  
  154  11:15  Hydralisk  
  154  11:16  Hydralisk x2  
  169  11:20  Zergling x4  
  169  11:21  Zergling x4  
  173  11:32  Drone  
  119  12:00  Roach x5  
  119  12:01  Roach x14  
  101  12:09  Hydralisk x2  
  101  12:12  Zergling x14  
  112  12:25  Extractor  
  112  12:27  Extractor  
  106  12:43  Hydralisk x7  
  113  12:49  Extractor  
  116  12:55  Zergling x2  
  116  12:56  Zergling x26  
  125  13:06  Ravager x3  
  125  13:08  Hydralisk  
  130  13:26  Zergling x20  
  130  13:27  Zergling x16  
  148  14:07  Spire  
  148  14:08  Zergling x2  
  148  14:09  Zergling x36  
  166  14:14  Overlord  
  166  14:23  Drone  
Show
View Real Time Build Order
Export as new Build Order

capac Terran - Winner!

Build Orders: Reaper Expand, MMM Bio 

Get SALT Encoding   

  12  0:01  SCV  
  13  0:13  SCV  
  14  0:18  Supply Depot  
  14  0:25  SCV  
  15  0:40  SCV  
  16  0:43  Barracks  
  16  0:48  Refinery  
  16  0:52  SCV  
  17  1:09  SCV  
  18  1:25  SCV  
  19  1:31  Reaper  
  20  1:36  Command Center  
  21  1:44  Orbital Command  
  20  1:51  Supply Depot  
  20  2:09  Marine  
  20  2:14  Refinery, Factory  
  21  2:21  SCV  
  22  2:35  Barracks Reactor  
  22  2:38  Engineering Bay  
  22  2:39  Barracks  
  22  2:40  SCV  
  23  2:50  Orbital Command  
  23  3:10  Factory Tech Lab  
  23  3:13  Starport  
  23  3:16  Marine x2  
  25  3:23  SCV x2  
  27  3:27  Barracks Tech Lab  
  27  3:35  Marine x2, SCV x2  
  31  3:45  Siege Tank  
  31  3:47  SCV x2  
  36  3:49  Marine  
  36  3:54  Medivac  
  39  3:59  SCV x2  
  41  4:09  Marine x2  
  43  4:10  Marine  
  43  4:11  SCV x2  
  43  4:13  Stimpack  
  46  4:30  Refinery  
  46  4:32  Refinery  
  46  4:39  Starport Reactor  
  46  4:48  Supply Depot  
  46  4:52  Marine x3  
  46  4:53  SCV x2  
  51  5:04  Siege Tank  
  54  5:09  SCV x2  
  54  5:10  Marine x3  
  59  5:18  Medivac  
  61  5:21  SCV  
  61  5:27  Supply Depot, SCV, Medivac  
  61  5:28  Marine x3  
  68  5:29  Supply Depot  
  68  5:33  SCV  
  69  5:39  SCV  
  70  5:48  Siege Tank, SCV  
  74  5:51  SCV  
  75  6:03  Liberator x2  
  75  6:10  Marine x3  
  78  6:12  SCV x2  
  78  6:17  Barracks, Combat Shields  
  80  6:18  Barracks  
  86  6:34  Terran Infantry Weapons Level 1  
  86  7:05  Marine x3  
  86  7:06  Siege Tank, SCV x2  
  85  7:11  Liberator  
  85  7:12  Liberator  
  77  7:23  Marine x3  
  77  7:25  Barracks Reactor x2  
  77  7:28  Armory  
  84  7:30  Engineering Bay  
  84  7:41  Marine x2  
  86  7:46  Command Center  
  86  7:48  Supply Depot  
  86  7:49  Supply Depot  
  86  7:51  Marine  
  86  7:52  Siege Tank  
  80  8:34  Marine x6  
  75  8:35  Marine  
  75  8:38  Medivac x2  
  83  8:42  Terran Infantry Weapons Level 2  
  83  8:43  Terran Infantry Armor Level 1  
  83  8:48  Supply Depot, Terran Ship Weapons Level 1  
  83  8:50  Supply Depot  
  83  8:51  Supply Depot, Marine  
  83  8:52  Marine x3  
  87  8:56  Marine x3  
  87  8:59  Starport  
  90  9:09  Marine x3  
  91  9:10  Marine  
  91  9:12  Medivac  
  91  9:13  Medivac  
  91  9:14  Marine x2, Siege Tank  
  103  9:22  Missile Turret  
  103  9:30  Marine x2  
  103  9:31  Marine x4  
  109  9:39  Marine  
  110  9:48  Marine x3  
  110  9:49  Marine x3  
  110  9:52  Liberator x2  
  116  9:57  Marine  
  117  10:07  Marine x2  
  117  10:08  Marine x4  
  117  10:10  Starport Reactor  
  117  10:13  Factory  
  103  10:48  Liberator x3  
  103  10:50  Marine x4  
  103  10:51  Marine x2  
  103  10:57  Marine  
  109  11:00  Factory Tech Lab  
  110  11:04  Barracks  
  110  11:05  Barracks  
  110  11:08  Marine x2  
  121  11:15  Siege Tank  
  124  11:20  Siege Tank  
  96  12:02  Marine x6  
  96  12:03  Marine  
  99  12:13  Liberator  
  99  12:14  Liberator  
  99  12:20  Marine x2  
  99  12:22  Marine x2  
  101  12:23  Marine x3  
  101  12:26  Barracks Reactor x2  
  101  12:28  Terran Infantry Weapons Level 3, Terran Infantry Armor Level 2  
  101  12:29  Terran Ship Weapons Level 2  
  112  12:37  Marine  
  112  12:38  Marine  
  114  13:06  Medivac x2  
  118  13:23  Marine x3  
  118  13:24  Marine x7  
  118  13:25  Marine  
  129  13:41  Marine x3  
  132  13:53  Marine x3  
  132  13:54  Marine x2, Siege Tank  
  132  13:55  Siege Tank  
  143  14:07  Marine x6  
  149  14:47  Marine x2  
  149  14:48  Marine x2  
  149  14:49  Marine x2  
  149  14:50  Marine x2  
  149  14:51  Marine  
Tags
 
Add a new tag
Caveats
  • Supply blocks, unpowered buildings, or Contaminate may cause inaccurate times.
  • Supply counts are checked every 10 seconds.